 Dungeon Crawl Stone Soup version 0.15.2 (webtiles) character file.

43 Ruokin the Fey Human (level 3, 0/27 HPs)
             Began as a Human Death Knight on May 10, 2015.
             Was a Believer of Yredelemnul.
             Succumbed to an adder's poison
             ... on Level 2 of the Dungeon.
             The game lasted 00:06:16 (1224 turns).

Ruokin the Fey Human (Human Death Knight)           Turns: 1224, Time: 00:06:17

HP   0/27        AC  6     Str 14      XL: 3   Next: 82%
MP   5/5         EV  8     Int 11      God: Yredelemnul [**....]
Gold 122         SH  0     Dex 12      Spells:  0 memorised,  2 levels left

rFire  . . .     SeeInvis .     a - +1 falchion
rCold  . . .     Clarity  .     e - +0 scale mail
rNeg   . . .     rCorr    .     (no shield)
rPois  .         rRot     .     (no helmet)
rElec  .         Spirit   .     (no cloak)
SustAb .         Warding  .     (no gloves)
rMut   .         Stasis   .     (no boots)
Gourm  .                        (no amulet)
MR     .....                    (no ring)
                                (no ring)

@: lethally poisoned, very slightly contaminated, invisible, not resistant to
hostile enchantments, extremely unstealthy
A: no striking features
a: Animate Remains, Recall Undead Slaves, Injury Mirror, Renounce Religion


You were on level 2 of the Dungeon.
You worshipped Yredelemnul.
Yredelemnul was pleased with you.
You were very hungry.

You visited 1 branch of the dungeon, and saw 2 of its levels.

You collected 122 gold pieces.

Inventory:

Hand weapons
 a - a +1 falchion (weapon)
 d - a +0 spear
Armour
 b - a +0 leather armour
 e - a +0 scale mail (worn)
 m - a +0 ring mail
Comestibles
 c - a bread ration
 q - a meat ration
Scrolls
 f - a scroll of fear {unknown}
 g - 4 scrolls of identify
 h - a scroll of blinking {unknown}
 j - a scroll of enchant armour {unknown}
 l - a scroll of noise {unknown}
 o - a scroll of teleportation {unknown}
 r - a scroll of enchant weapon {unknown}
Jewellery
 p - a cursed amulet of inaccuracy
Potions
 k - a potion of flight {unknown}
 n - a potion of heal wounds {unknown}


   Skills:
 + Level 2.2 Fighting
 + Level 2.1 Long Blades
 + Level 1.5 Armour
 + Level 1.6 Dodging
 + Level 3.9 Invocations


You had 2 spell levels left.
You didn't know any spells.

Dungeon Overview and Level Annotations

Branches:
Dungeon (2/15)

Altars:
Fedhas


Message History

The goblin wields a hunting sling.
The goblin shoots a stone.
The stone closely misses the adder.
The stone barely misses you. The adder bites you but does no damage.
You are very lightly contaminated with residual magic.
* * * LOW HITPOINT WARNING * * *
You feel sick.
The goblin shoots a stone.
The stone closely misses the adder.
* * * LOW HITPOINT WARNING * * *
You feel sick. The adder bites you.
* * * LOW HITPOINT WARNING * * *
You are more poisoned.
The adder poisons you!
* * * LOW HITPOINT WARNING * * *
You feel sick.
* * * LOW HITPOINT WARNING * * *
You feel sick.
The goblin shoots a stone.
The stone hits the adder but does no damage.
* * * LOW HITPOINT WARNING * * *
You feel sick. The adder bites you but does no damage.
You die...
Your body rises from the dead as a mindless zombie.

#........# #...# ###
#..#.#..## #...# #
#.......# #...#######
......## #.........#
##.#########....####.#
#.##.................
###....................
#..................>...
#.#.##@######....####(#
#.#.##.# #.......%.#
#.#..#S# #..>#######
#.##.#.# #...# #.##.#(#
#...# #......##### .
########.......#
.........#####.#
#######(...g.#


You could see an adder.

Vanquished Creatures
  2 worms (D:2)
  A ball python (D:1)
  4 goblins (D:1)
  3 hobgoblins (D:1)
  2 jackals (D:1)
  6 bats
  3 giant geckos
  2 giant newts (D:1)
  4 kobolds
  A rat (D:1)
28 creatures vanquished.

Vanquished Creatures (others)
  A bat zombie (D:1)
1 creature vanquished.

Grand Total: 29 creatures vanquished

Notes
Turn   | Place    | Note
--------------------------------------------------------------
     0 | D:1      | Ruokin, the Human Death Knight, began the quest for the Orb.
     0 | D:1      | Reached XP level 1. HP: 16/16 MP: 2/2
   146 | D:1      | Reached XP level 2. HP: 22/22 MP: 4/4
   525 | D:1      | Acquired Yredelemnul's second power
   525 | D:1      | Reached XP level 3. HP: 12/27 MP: 5/5
  1083 | D:2      | Found a blossoming altar of Fedhas.
  1221 | D:2      | HP: 1/27 [poisoned by an adder]
  1224 | D:2      | Succumbed to an adder's poison

Action                   || total
-------------------------++-------
Melee: Falchion          ||   109
Invok: Animate Remains   ||     2
  Use: Scroll            ||     2
       Potion            ||     1
